 Dungeon Crawl Stone Soup version 0.13-a0-2236-g7be3fc8 (webtiles) character file.

436 JacquesDerrida the Poker (level 5, -13/42 HPs)
             Began as a Demigod Skald on July 4, 2013.
             Mangled by Menkaure (23 damage)
             ... on Level 4 of the Dungeon.
             The game lasted 00:08:35 (3554 turns).

JacquesDerrida the Poker (Demigod Skald)            Turns: 3554, Time: 00:08:35

HP -13/42        AC  3     Str 17      XL: 5   Next: 78%
MP   6/12        EV 11     Int 16      God:
Gold 153         SH  0     Dex 16      Spells:  2 memorised,  5 levels left

Res.Fire  : + . .   See Invis. : .   a - +0 spear {=f}
Res.Cold  : + . .   Warding    : .   x - +0 orc leather armour {rC+}
Life Prot.: . . .   Conserve   : .   (no shield)
Res.Poison: .       Res.Corr.  : .   (no helmet)
Res.Elec. : .       Clarity    : .   (no cloak)
Sust.Abil.: . .     Spirit.Shd : .   (no gloves)
Res.Mut.  : .       Stasis     : .   (no boots)
Res.Rott. : .       Flight     : .   p - amulet of rage
Saprovore : . . .                    (no ring)
                                     v - ring of protection from fire {unknown}

@: slightly resistant to hostile enchantments, unstealthy
A: no striking features
a: Evoke Berserk Rage


You were on level 4 of the Dungeon.
You were not hungry.

You visited 1 branch of the dungeon, and saw 4 of its levels.

You collected 133 gold pieces.

Inventory:

Hand weapons
 a - a +0,+0 spear (weapon) {=f}
Missiles
 n - 18 poisoned needles
 z - 7 javelins (quivered)
Armour
 b - a +0 leather armour
 x - a +0 orcish leather armour of cold resistance (worn)
Magical devices
 A - a wand of slowing (12)
Comestibles
 d - a bread ration
 l - 2 meat rations
 D - a chunk of bat flesh
Scrolls
 h - a scroll of fear {unknown}
 i - 2 scrolls of remove curse {unknown}
 j - 2 scrolls of enchant weapon I {unknown}
 k - a scroll of teleportation {unknown}
 m - 2 scrolls of identify {unknown}
 o - a scroll of blinking {unknown}
 s - a scroll of random uselessness {unknown}
 u - a scroll of curse armour {unknown}
 y - 2 scrolls of noise {unknown}
 C - a scroll of fog {unknown}
Jewellery
 f - an uncursed amulet of warding {unknown}
 p - an amulet of rage (around neck)
 v - a ring of protection from fire (left hand) {unknown}
Potions
 e - 2 potions of agility {unknown}
 g - 2 potions of flight {unknown}
 q - a potion of porridge {unknown}
 r - 2 potions of paralysis {unknown}
 t - a potion of brilliance {unknown}
 w - 2 potions of magic {unknown}
 B - 2 potions of restore abilities {unknown}
Books
 c - a book of Battle

   Spells                             Type                      Level
   *Infusion                          Charms                       1
   *Shroud of Golubria                Charms/Translocation         2
   Song of Slaying                    Charms                       2
   Spectral Weapon                    Hexes/Charms                 3
   Regeneration                       Charms/Necromancy            3
   Song of Shielding                  Charms                       5


   Skills:
 - Level 1.7 Fighting
 * Level 5.7 Polearms
 - Level 0.8 Armour
 - Level 0.8 Dodging
 - Level 2.1 Spellcasting
 - Level 2.6 Charms


You had 5 spell levels left.
You knew the following spells:

 Your Spells              Type           Power        Failure   Level  Hunger
a - Infusion              Chrm           ##....       10%         1    #......
b - Shroud of Golubria    Chrm/Tloc      #.........   21%         2    ###....


Dungeon Overview and Level Annotations

Branches:
Dungeon (4/27)
 Temple: D:4-7

Annotations
D:4 JacquesDerrida's ghost, average MfSk; Menkaure


Message History

Menkaure is moderately damaged.
Menkaure hits you!
You hit Menkaure.
Menkaure is heavily damaged.
Menkaure closely misses you.
You hit Menkaure!
Menkaure is severely damaged.
Menkaure calls on the powers of darkness!
Your body is wracked with pain!
* * * LOW HITPOINT WARNING * * *
You hit Menkaure.
Menkaure is almost destroyed.
Menkaure gestures at you while chanting.
Pain shoots through your body!
* * * LOW HITPOINT WARNING * * *
You barely miss Menkaure.
Menkaure is almost destroyed.
Menkaure hits you!
Ouch! That really hurt!
You die...

......# #.#.# ### #.# #.#
......##### #...#######.#
#.#
..........#####.'.._..'.#
#.#
.<....###.#...).###.###.#
###.. ......# #.#.#.#.#
#.# #.#####...# ......#
#.#.#...###+###.......#.#
#######
#.'.###..........######.#
###.....#...##...# #.#
####.M@.# ##### #.#
#####.##### #######.#
#..$......# #........
#.....<...+ ..........
#.........# #........
#.........# #........
#.).......# #........
#.......M.# ........
)........# .......


You could see Menkaure.

Vanquished Creatures
  A scorpion (D:4)
  2 orc wizards
  An orc priest (D:4)
  A worker ant (D:4)
  A hound skeleton (D:4)
  Jessica (D:2)
  3 adders
  3 worms
  8 orcs
  3 giant cockroaches
  9 goblins
  7 hobgoblins
  2 jackals (D:3)
  6 kobolds
  3 quokkas
  A ball python (D:4)
  7 bats
  3 giant newts
  5 rats
67 creatures vanquished.

Notes
Turn   | Place    | Note
--------------------------------------------------------------
     0 | D:1      | JacquesDerrida, the Demigod Skald, began the quest for the Orb.
     0 | D:1      | Reached XP level 1. HP: 17/17 MP: 4/4
   326 | D:1      | Reached XP level 2. HP: 22/24 MP: 5/5
   468 | D:2      | Noticed Jessica
   482 | D:2      | Killed Jessica
   600 | D:2      | Reached skill level 3 in Polearms
   600 | D:2      | Reached XP level 3. HP: 16/29 MP: 1/8
  1610 | D:3      | Reached skill level 4 in Polearms
  1610 | D:3      | Reached XP level 4. HP: 14/36 MP: 2/11
  2054 | D:3      | Found a snail-covered altar of Cheibriados.
  2311 | D:4      | Noticed JacquesDerrida's ghost (average MfSk)
  2326 | D:3      | Found a shimmering altar of Xom.
  2326 | D:3      | Found a shimmering altar of Xom.
  2327 | D:3      | Found a shimmering altar of Xom.
  2327 | D:3      | Found a shimmering altar of Xom.
  2775 | D:3      | Learned a level 2 spell: Shroud of Golubria
  2863 | D:4      | Reached XP level 5. HP: 42/42 MP: 7/12
  2879 | D:4      | Reached skill level 5 in Polearms
  3142 | D:4      | Found a blossoming altar of Fedhas.
  3513 | D:4      | Found a sparkling altar of Nemelex Xobeh.
  3539 | D:4      | Noticed Menkaure
  3554 | D:4      | Mangled by Menkaure

Action                   |  1- 3 |  4- 6 || total
-------------------------+-------+-------++-------
Melee: Spear             |   132 |   163 ||   295
 Cast: Infusion          |     6 |     8 ||    14
 Abil: Evoke Berserk Rag |     1 |     2 ||     3
Evoke: Wand              |       |     1 ||     1
